 Dungeon Crawl Stone Soup version 0.29.0-4-gdea44cf6ec (webtiles) character file.

Game seed: 11357220202035814190

42 qw the Chopper (level 3, 0/21 HPs)
             Began as a Tengu Warper on Aug 28, 2022.
             Slain by Sigmund
             ... wielding a +0 scythe
              (3 damage)
             ... on level 2 of the Dungeon.
             The game lasted 00:00:06 (1597 turns).

qw the Chopper (Tengu Warper)                       Turns: 1597, Time: 00:00:07

Health: 0/21       AC: 10    Str: 13    XL:     3   Next: 56%
Magic:  7/7        EV:  3    Int: 13    God:
Gold:   60         SH:  0    Dex: 13    Spells: 6/6 levels left

rFire   . . .      SeeInvis .   Y - +0 hand axe
rCold   . . .      Faith    .   (no shield)
rNeg    . . .      Spirit   .   j - +0 plate armour
rPois   .          Reflect  .   (helmet restricted)
rElec   .          Harm     .   (no cloak)
rCorr   .          Rampage  .   (no gloves)
Will    .....                   (boots unavailable)
Stlth   ..........              (no amulet)
HPRegen 0.07/turn               (no ring)
MPRegen 0.10/turn               (no ring)

@: no status effects
A: beak, talons 3
a: no special abilities


You were on level 2 of the Dungeon.
You visited 1 branch of the dungeon, and saw 2 of its levels.

You collected 60 gold pieces.


Innate Abilities, Weirdness & Mutations

You have a beak for a mouth.
You have claws for feet.


   Skills:
 - Level 2.0 Fighting
 - Level 4.1 Axes
 - Level 1.0 Throwing
 + Level 1.5 Armour
 - Level 2.1 Dodging
 - Level 2.0 Spellcasting
 - Level 2.4 Translocations


You had 6 spell levels left.
You didn't know any spells.
Your spell library contained the following spells:

 Spells                   Type           Power      Damage    Failure   Level
 Blink                    Tloc           14%        N/A       100%        2
 Gell's Gravitas          Tloc           7%         N/A       100%        3
 Lesser Beckoning         Tloc           7%         N/A       100%        3
 Teleport Other           Tloc           7%         N/A       100%        3
 Manifold Assault         Tloc           7%         N/A       100%        5

Inventory:

Hand Weapons
 Y - a +0 hand axe (weapon)
Armour
 j - a +0 plate armour (worn)
Scrolls
 a - a scroll of summoning {unknown}
 b - a scroll of brand weapon {unknown}
 c - a scroll of acquirement {unknown}
Potions
 f - a potion of degeneration {unknown}
 g - a potion of resistance {unknown}

Dungeon Overview and Level Annotations

Branches:
Dungeon (2/15)

Altars:

Annotations:
D:2 Sigmund


Message History

Found a chain mail.
Found 8 stones.
You now have 60 gold pieces (gained 8).
Sigmund the Dreaded comes into view.
He is wielding a +0 scythe and wearing a +2 robe of positive energy.
Sigmund shouts!
Sigmund casts a spell at you. You resist with significant effort.
Sigmund hits you from afar with a +0 scythe.
Sigmund hits you with a +0 scythe.
You hit Sigmund.
Sigmund is lightly wounded.
You barely miss Sigmund. You claw Sigmund. You peck Sigmund.
Sigmund is moderately wounded.
Sigmund drinks a potion.
Sigmund seems to grow stronger.
You barely miss Sigmund. Your kick misses Sigmund.
Sigmund is moderately wounded.
Sigmund barely misses you.
You barely miss Sigmund. Your kick misses Sigmund. You peck Sigmund.
Sigmund is heavily wounded.
Sigmund hits you with a +0 scythe.
You hit Sigmund but do no damage. Your kick misses Sigmund.
Sigmund is moderately wounded.
Sigmund hits you with a +0 scythe.
You closely miss Sigmund. You claw Sigmund, but do no damage.
You peck Sigmund, but do no damage.
Sigmund is moderately wounded.
You closely miss Sigmund. You claw Sigmund, but do no damage.
Sigmund is moderately wounded.
Sigmund hits you but does no damage.
You hit Sigmund.
Sigmund is heavily wounded.
Sigmund hits you with a +0 scythe.
You hit Sigmund but do no damage. You claw Sigmund.
Sigmund is heavily wounded.
Sigmund gestures at you while chanting. The magic dart hits you.
You hit Sigmund. Your peck misses Sigmund.
Sigmund is severely wounded.
Sigmund hits you with a +0 scythe.
You die...

#.# #.# #.# #.# ### #.#
#.# #.# ##.#######.## #..
#.>.........#######.#
#...######..........#
###....................
#.....#...####.##......
##.#.##@##.####..#......
##...##.}@##.##..........
#.[.####.####.#........%.
#...#.###.#.#.........|##
#..#.8.# #.}.#..........#
#(..#.#.###.#.........#..
###..###.###..#.......##.
#.###.}.###.#.......##.
##.##.#.#.##.#.......###


You could see Sigmund (strong).

Vanquished Creatures
  An adder (D:2)
  An orc (D:2)
  4 bats
  2 endoplasms
  A giant cockroach (D:1)
  3 hobgoblins
  4 kobolds
  3 quokkas
  4 ball pythons (D:2)
  3 frilled lizards
  A rat (D:1)
27 creatures vanquished.

Notes
Turn   | Place    | Note
-------+----------+-------------------------------------------
     0 | D:1      | qw the Tengu Warper began the quest for the Orb.
     0 | D:1      | Reached XP level 1. HP: 12/12 MP: 4/4
     0 | D:1      | 0 ||| qw: Version: 0.1-a-89-g26bdef1
     0 | D:1      | 0 ||| qw: Game counter: 2209
     0 | D:1      | 0 ||| qw: Always use a shield: true
     0 | D:1      | 0 ||| qw: God list: Okawaru
     0 | D:1      | 0 ||| qw: Allow faded altars: false
     0 | D:1      | 0 ||| qw: Do Orc after D:15 true
     0 | D:1      | 0 ||| qw: Do second Lair branch before Depths: true
     0 | D:1      | 0 ||| qw: Lair rune preference: random
     0 | D:1      | 0 ||| qw: Plans: Normal
     0 | D:1      | 0 ||| PLANNING D:1-11
   260 | D:1      | Reached XP level 2. HP: 17/17 MP: 6/6
   338 | D:1      | Reached skill level 3 in Axes
   708 | D:1      | 708 ||| UPGRADING to +0 ring mail.
   718 | D:1      | 718 ||| DROPPING +0 leather armour.
   719 | D:1      | 719 ||| UPGRADING to +0 plate armour.
   729 | D:1      | 729 ||| DROPPING +0 ring mail.
   730 | D:1      | 730 ||| DROPPING amulet of faith.
   731 | D:1      | 731 ||| READING scroll labelled MOUSUA ARCHIL.
   732 | D:1      | 732 ||| READING scroll labelled RIPIEPH VESSO.
   733 | D:1      | 733 ||| DROPPING scroll of blinking.
   835 | D:2      | 835 ||| Stepping ~*~*~tactically~*~*~ (stealth).
  1227 | D:2      | Reached XP level 3. HP: 18/21 MP: 7/7
  1263 | D:2      | 1263 ||| Stepping ~*~*~tactically~*~*~ (stealth).
  1272 | D:2      | Reached skill level 4 in Axes
  1585 | D:2      | Noticed Sigmund
  1596 | D:2      | HP: 3/21 [Sigmund/magic dart (6)]
  1597 | D:2      | Slain by Sigmund

Levels and vault maps discovered:
D:1:      dpeg_chamrin_arrival_tetris, layout_basic
D:2:      layout_basic, grunt_decor_mini_mirrors, minivault_26, uniq_sigmund

Skill      XL: |  1  2  3 |
---------------+----------+-----
Axes           | 3 4 |  4.1
Fighting       | |  2.0
Throwing       | |  1.0
Armour         | |  1.5
Dodging        | |  2.1
Spellcasting   | |  2.0
Translocations | |  2.4

Action                   || total
-------------------------++-------
Melee: Hand axe          ||    72
       Kick              ||    11
       Peck              ||    14
Throw: Boomerang         ||     7
  Use: Scroll            ||     2
Armor: Leather armour    ||     3
       Plate armour      ||    35
Dodge: Dodged            ||    11

Table legend:
 A = Non-vault XP
 B = Vault XP
 C = Vault XP percentage of total XP
 D = Non-vault monster count
 E = Vault monster count
 F = Vault count percentage of total count
                 A         B        C        D         E       F
            +---------+---------+-------+---------+---------+-------
      Total |      61 |       0 |   0.0 |      27 |       0 |   0.0
            +---------+---------+-------+---------+---------+-------
        D:1 |      16 |       0 |   0.0 |       9 |       0 |   0.0
        D:2 |      45 |       0 |   0.0 |      18 |       0 |   0.0
            +---------+---------+-------+---------+---------+-------
